 Dungeon Crawl Stone Soup version 0.25-a0-246-g58704a1ebd (webtiles) character file.

Game seed: 12978147708373268263, levelgen mode: deterministic

154 Jerej03 the Chiller (level 5, 0/24 HPs)
             Began as a Vine Stalker Ice Elementalist on Dec 3, 2019.
             Slain by Crazy Yiuf
             ... wielding a +3 quarterstaff of chaos
              (14 damage)
             ... on level 2 of the Dungeon.
             The game lasted 00:21:45 (1404 turns).

Jerej03 the Chiller (Vine Stalker Ice Elementalist) Turns: 1404, Time: 00:21:45

Health: 0/24       AC:  6    Str: 10    XL:     5   Next: 36%
Magic:  0/10       EV: 11    Int: 16    God:
Gold:   172        SH:  0    Dex: 18    Spells: 2/10 levels left

rFire    . . .     SeeInvis .   k - +0 rapier
rCold    . . .     Gourm    .   (no shield)
rNeg     . . .     Faith    .   b - +0 ring mail
rPois    .         Spirit   +   (no helmet)
rElec    .         Reflect  .   (no cloak)
rCorr    .         Harm     .   (no gloves)
MR       .....                  g - +0 pair of boots
Stlth    ++........             (no amulet)
HPRegen  0.48/turn              d - +3 ring of dexterity
MPRegen  0.12/turn              (no ring)

@: no status effects
A: fangs 2, regeneration 1, magic shield, antimagic bite, no potion heal 3, rot
immunity
a: no special abilities


You were on level 2 of the Dungeon.
You were not hungry.

You visited 1 branch of the dungeon, and saw 2 of its levels.

You collected 172 gold pieces.

Inventory:

Hand Weapons
 a - a +0 dagger
 f - a +0 spear
 h - a +0 short sword
 i - a +0 short sword
 k - a +0 rapier (weapon)
Armour
 b - a +0 ring mail (worn)
 e - a +0 leather armour
 g - a +0 pair of boots (worn)
Jewellery
 d - a +3 ring of dexterity (left hand)
Comestibles
 c - 3 rations


   Skills:
 + Level 0.0 Short Blades
 - Level 1.4 Polearms
 + Level 2.3 Dodging
 + Level 3.6 Stealth
 + Level 3.1 Spellcasting
 + Level 0.0 Charms
 + Level 0.2 Summonings
 + Level 4.8 Ice Magic


You had 2 spell levels left.
You knew the following spells:

 Your Spells              Type           Power        Failure   Level  Hunger
a - Freeze                Ice            ###.         7%          1    #......
b - Ozocubu's Armour      Chrm/Ice       ##......     47%         3    ###....
c - Summon Ice Beast      Ice/Summ       ##......     86%         4    #####..

Your spell library contained the following spells:

 Spells                   Type           Power        Failure   Level  Hunger
 Hailstorm                Conj/Ice       ##......     87%         4    #####..


Dungeon Overview and Level Annotations

Branches:
Dungeon (2/15)

Altars:
Trog
Zin

Annotations:
D:2 Crazy Yiuf


Innate Abilities, Weirdness & Mutations

You have extremely sharp teeth.
Your natural rate of healing is unusually fast.
When hurt, damage is shared between your health and your magic reserves.
Your bite disrupts and absorbs the magic of your enemies.
Potions cannot restore your health.
You are immune to rotting.


Message History

a +0 dagger; a +0 club
Found a mace.
Found a runed translucent door.
Crazy Yiuf shouts!
You open the door.
Crazy Yiuf yells, "Shower eyeball canine!"
You hit Crazy Yiuf. You bite Crazy Yiuf, but do no damage.
Crazy Yiuf is lightly wounded.
Crazy Yiuf hits you with a +3 quarterstaff of chaos!
Crazy Yiuf burns you.
Casting: Freeze (safe; 7% risk of failure)
Confirm with . or Enter, or press ? or * to list all spells.
Aiming: Freeze (safe; 7% risk of failure)
Press: ? - help, Shift-Dir - straight line, f - Crazy Yiuf
Aim: Crazy Yiuf, wielding a +3 quarterstaff of chaos and wearing a +0 cloak (lightly wounded)
You freeze Crazy Yiuf.
Crazy Yiuf is moderately wounded.
Crazy Yiuf hits you with a +3 quarterstaff of chaos.
You are electrocuted!!
Ouch! That really hurt!
You die...

#.#####..## #.# #....#
#.# #....# #.# ##...# #.#
##.## #.# ##.# #.# #.##
#.# ##.# ##.# #@##
#########..# *#g#* ######
........#..# *...*
#######..... ...........#
#...# #.......##.#
........#..# #)..#
#.#######..# #######.#..#
##### ########..## #####
#....# #......#.## ....#
###..###########......#.#
....#
##.....................#


You could see Crazy Yiuf.

Vanquished Creatures
  A crimson imp (D:2)
  Robin (D:2)
  4 adders (D:2)
  4 dart slugs
  A leopard gecko (D:2)
  4 giant cockroaches
  11 goblins (D:2)
  3 hobgoblins
  4 jackals (D:2)
  6 kobolds
  A quokka (D:2)
  A ball python (D:1)
  6 bats
  8 frilled lizards
  10 rats
65 creatures vanquished.

Notes
Turn   | Place    | Note
-------+----------+-------------------------------------------
     0 | D:1      | Jerej03 the Vine Stalker Ice Elementalist began the quest
                  | for the Orb.
     0 | D:1      | Reached XP level 1. HP: 9/9 MP: 4/4
   287 | D:1      | Reached XP level 2. HP: 10/13 MP: 3/6
   634 | D:1      | Reached XP level 3. HP: 9/16 MP: 4/7
   769 | D:2      | Noticed Robin
   919 | D:2      | Gained mutation: Your natural rate of healing is unusually
                  | fast. [Vine Stalker growth]
   919 | D:2      | Reached XP level 4. HP: 17/21 MP: 0/9
   929 | D:2      | Reached skill level 1 in Polearms
   941 | D:2      | Learned a level 3 spell: Ozocubu's Armour
   946 | D:2      | Learned a level 4 spell: Summon Ice Beast
  1007 | D:2      | Found a bloodstained altar of Trog.
  1032 | D:2      | Killed Robin
  1032 | D:2      | Reached XP level 5. HP: 11/24 MP: 1/10
  1227 | D:2      | Found a glowing silver altar of Zin.
  1398 | D:2      | Found a runed translucent door.
  1399 | D:2      | Noticed Crazy Yiuf
  1404 | D:2      | Slain by Crazy Yiuf

Levels and vault maps discovered:
D:1:      elethiomel_arrival_infinity_welcomes_careful_drivers,
          layout_loops_ring
D:2:      layout_rooms, zin_academy, lemuel_doored_altar,
          uniq_crazy_yiuf_cottage, uniq_robin

Skill      XL: |  1  2  3  4 |
---------------+-------------+-----
Stealth        | 3 |  3.6
Dodging        | 2 |  2.3
Polearms       | 1 |  1.4
Spellcasting   | 3 |  3.1
Summonings     | |  0.2
Ice Magic      | |  4.8

Action                   |  1- 3 |  4- 6 || total
-------------------------+-------+-------++-------
Melee: Spear             |    49 |    43 ||    92
       Bite              |    15 |    12 ||    27
       Unarmed           |     1 |       ||     1
       Rapier            |       |     6 ||     6
 Cast: Freeze            |    30 |    33 ||    63
  Use: Scroll            |       |     6 ||     6
 Stab: Sleeping          |     2 |       ||     2
  Eat: Chunk             |       |     2 ||     2
Armor: Ring mail         |    33 |    41 ||    74
Dodge: Dodged            |    37 |    49 ||    86

Table legend:
 A = Non-vault XP
 B = Vault XP
 C = Vault XP percentage of total XP
 D = Non-vault monster count
 E = Vault monster count
 F = Vault count percentage of total count
                 A         B        C        D         E       F
            +---------+---------+-------+---------+---------+-------
      Total |     183 |      38 |  17.2 |      53 |      12 |  18.5
            +---------+---------+-------+---------+---------+-------
        D:1 |      34 |       0 |   0.0 |      20 |       0 |   0.0
        D:2 |     149 |      38 |  20.3 |      33 |      12 |  26.7
            +---------+---------+-------+---------+---------+-------
